AoeStats
← fbilla94

Four Lakes

510215881Analyzed
1v1 RM · 2d ago on Sep 30, 2026· 29m 42s· 2 players
Game mode
Random Map
Map size
Tiny (2 player)
Population
200
Speed
Normal
Resources
Standard
Victory
Conquest
Starting age
Dark Age
Ending age
Imperial Age
RankedLock teamsTeams togetherTeam positionsShared explorationLock speedFull tech treeHidden civsTurbo modeCheats
Victory
Defeat
🇨🇱 Persians · Chile
834
+17
🇨🇱 Japanese · Chile
857
-17
fbilla94
2:43 Loom
9:56 Feudal Age
11:39 Wheelbarrow
10:51 Town Watch
22:02 Castle Age
19:50 Double-Bit Axe
21:13 Fishing Lines
21:48 Bloodlines
22:50 Husbandry
23:37 Thumb Ring
23:35 Crossbowman
25:38 Scale Barding Armor
25:44 Forging
28:12 Bow Saw
Sir Paul
9:09 Loom
10:55 Feudal Age
12:24 Double-Bit Axe
18:03 Man-at-Arms
22:56 Castle Age
25:22 Fletching
25:56 Pikeman
27:36 Bow Saw
27:16 Gambesons
27:32 Squires
29:32 Forging
29:23 Scale Mail Armor
Connection lost

Rejoining the realm…

Still unreachable

The connection could not be restored.

Session expired

The server has moved on; the page needs a fresh start.